 Dungeon Crawl Stone Soup version 0.27-a0-412-g8dd771eca2 (webtiles) character file.

Game seed: 249861809782424975

7014 Aneyh the Agent of Entropy (level 11, -7/54 HPs)
             Began as a Tengu Abyssal Knight on Feb 24, 2021.
             Was a Priest of Lugonu.
             Mangled by a boulder beetle (60 damage)
             ... on level 9 of the Dungeon.
             The game lasted 00:31:04 (12373 turns).

Aneyh the Agent of Entropy (Tengu Abyssal Knight)  Turns: 12373, Time: 00:31:05

Health: -7/54      AC:  9    Str: 16    XL:     11   Next: 8%
Magic:  7/20       EV: 16    Int: 19    God:    Lugonu [***...]
Gold:   596        SH:  0    Dex: 13    Spells: 10/10 levels left

rFire    + . .     SeeInvis .   B - +3 trident (freeze)
rCold    . . .     Faith    .   (no shield)
rNeg     . . .     Spirit   .   a - +0 leather armour
rPois    .         Reflect  .   L - +0 hat
rElec    +         Harm     .   v - +2 cloak {Stlth+}
rCorr    .         Rampage  .   y - +1 pair of gloves
Will     +....                  (boots unavailable)
Stlth    +++.......             w - amulet of regeneration
HPRegen  1.18/turn              e - ring of willpower
MPRegen  0.17/turn              x - +6 ring of intelligence

@: flying quickly and evasively, quick
A: beak, talons 3, blurry vision 1, fire resistance 1, frail 1, shaggy fur 1,
electricity resistance, able to fly
a: Stop Flying, Renounce Religion, Depart the Abyss, Bend Space, Banish


You were on level 9 of the Dungeon.
You worshipped Lugonu.
Lugonu was most pleased with you.
You visited 1 branch of the dungeon, and saw 9 of its levels.
You visited the Abyss 1 time.

You collected 596 gold pieces.

Inventory:

Hand Weapons
 t - a +0 shortbow
 u - a +2 quarterstaff of chaos
 B - a +3 trident of freezing (weapon)
 C - a +2 short sword of protection
 G - a +0 flail of holy wrath
 J - a +0 arbalest
Missiles
 f - 50 bolts
 h - 41 poisoned darts
 i - 150 arrows
 l - 24 boomerangs (quivered)
 D - 2 curare-tipped darts
Armour
 a - a +0 leather armour (worn)
 o - a +0 plate armour
 v - a +2 cloak of stealth (worn)
 y - a +1 pair of gloves (worn)
 L - a +0 hat (worn)
Jewellery
 e - a ring of willpower (left hand)
 r - a ring of willpower
 w - an amulet of regeneration (around neck)
 x - a +6 ring of intelligence (right hand)
Wands
 p - a wand of paralysis (9)
 H - a wand of polymorph (7)
Scrolls
 c - a scroll of enchant armour {unknown}
 j - a scroll of magic mapping {unknown}
 k - a scroll of random uselessness {unknown}
 m - 2 scrolls of blinking
 z - 3 scrolls of teleportation {unknown}
 E - a scroll of vulnerability {unknown}
 K - a scroll of immolation {unknown}
Potions
 b - 8 potions of curing
 d - a potion of lignification
 g - a potion of haste
 n - 2 potions of might
 q - 3 potions of attraction
 s - a potion of cancellation {unknown}
 A - 2 potions of heal wounds
 F - a potion of ambrosia {unknown}
 I - a potion of magic {unknown}


   Skills:
 - Level 3.0 Fighting
 - Level 6.0 Bows
 - Level 2.1 Armour
 - Level 4.0 Dodging
 - Level 5.0 Stealth
 - Level 8.0 Unarmed Combat
 + Level 11.6 Invocations


You had 10 spell levels left.
You didn't know any spells.
Your spell library contained the following spells:

 Spells                   Type           Power        Failure   Level
 Freeze                   Ice            0%           26%         1
 Poisonous Vapours        Pois/Air       0%           36%         2
 Conjure Flame            Conj/Fire      0%           58%         3
 Frozen Ramparts          Ice            0%           58%         3
 Mephitic Cloud           Conj/Pois/Air  0%           58%         3
 Ozocubu's Armour         Ice            0%           58%         3
 Hailstorm                Conj/Ice       0%           94%         4
 Summon Ice Beast         Ice/Summ       0%           94%         4
 Freezing Cloud           Conj/Ice/Air   0%           100%        6


Dungeon Overview and Level Annotations

Branches:
Dungeon (9/15)             Temple (0/1) D:6             Orc (0/2) D:9
   Lair: D:8-11

Altars:
Cheibriados
Dithmenos
Vehumet
Wu Jian
Xom

Annotations:
D:4 Grinder
D:7 exclusion: ice statue
Abyss:1 Edmund, Maggie


Innate Abilities, Weirdness & Mutations

You have a beak for a mouth.
You have claws for feet.
You can fly continuously.
Scrolls take you a little longer to read.
Your flesh is heat resistant. (rF+)
You are frail. (-10% HP)
You are covered in fur. (AC +1)
You are resistant to electric shocks. (rElec)


Message History

You freeze the bullfrog.
You kill the bullfrog!
Lugonu accepts your kill. The ice beast hits you. The ice beast freezes you!
Press: ? - help, Shift-Dir - straight line, f - ice beast
Aim: an ice beast (chance to affect: 87%)
The ice beast is devoured by a tear in reality.
Lugonu claims a new guest.
Your Invocations skill increases to level 11!
You start resting.
HP restored.
There is an open door, spattered with blood here.
You see here a bullfrog corpse.
You reach down and open the door.
There is an open door here.
You reach down and open the door.
A deep elf pyromancer comes into view. It is wielding a +0 long sword.
There is an open door here.
Press: ? - help, Shift-Dir - straight line, f - deep elf pyromancer
Aim: a deep elf pyromancer, wielding a +0 long sword (asleep, chance to affect: 75%)
The deep elf pyromancer shouts!
The deep elf pyromancer is devoured by a tear in reality.
Lugonu claims a new guest.
You have reached level 11!
You reach down and open the door.
A boulder beetle and a wolf spider come into view.
Found 20 gold pieces.
Press: ? - help, Shift-Dir - straight line, f - wolf spider
Aim: a wolf spider (asleep, chance to affect: 87%)
The wolf spider hisses angrily.
The wolf spider is devoured by a tear in reality.
Lugonu claims a new guest.
The boulder beetle leaps!
Press: ? - help, Shift-Dir - straight line, f - boulder beetle
Aim: a boulder beetle (chance to affect: 76%)
The boulder beetle barely resists.
The boulder beetle curls into a ball and begins rolling!
Space bends around you!
You blink.
The boulder beetle hits you!!!
Ouch! That really hurt!
You die...

# #................#..# #....
######....#####.########.# #....
.....#....# #............# #....
##.#......# #.########'#.# ##.##
##.###....# #.#..#..#..#.# #.#
##.# #....# #.#§§'$§#..#.# #.#
##.####.#####.##'##+#'##.# #.##
....# #.# #..#.B# #..#.# #..#
##..###+####..#°@# #..#.## ##.#
#........#...##'####'##..# #.#
#..#.#####.#.#..†..'..#..#####.#
##..#...#.<.#.#..#.[#..#..'.....#
...####.#.###.##########..####...
.##.....#...#.............# ##..
..'.#######.'..###........# #.#
###.........#### #........# #.#
########'## ####'##### #.#


You could see a boulder beetle.

Vanquished Creatures
  Pikel (D:4)
  2 orc warriors (D:9)
  4 sky beasts
  3 black bears
  3 ice beasts
  2 ogres
  A centaur (D:5)
  2 lemures (D:4)
  4 bullfrogs
  A gnoll sergeant (D:8)
  A wyvern skeleton (D:7)
  A scorpion (D:9)
  11 killer bees (D:9)
  2 howler monkeys (D:4)
  2 wights (D:6)
  A quasit (D:7)
  Crazy Yiuf (D:5)
  4 orc priests
  2 bullfrog skeletons
  A centaur skeleton (D:7)
  Jessica (D:3)
  3 iguanas
  12 orc wizards
  5 worker ants
  A hound zombie (D:7)
  2 hound skeletons
  2 worker ant zombies (D:8)
  8 adders
  8 gnolls
  2 howler monkey skeletons
  4 white imps
  2 ufetubi
  2 adder skeletons
  2 dart slugs
  7 leopard geckos
  52 orcs
  3 bats
  5 giant cockroaches
  5 goblins
  6 hobgoblins
  7 jackals
  4 kobolds
  A quokka (D:2)
  2 ball pythons
  7 frilled lizards
  A leopard gecko skeleton (D:6)
  A quokka skeleton (D:7)
  6 rats
210 creatures vanquished.

Vanquished Creatures (others)
  2 orc wizards (D:9)
  3 orcs (D:9)
5 creatures vanquished.

Grand Total: 215 creatures vanquished

Notes
Turn   | Place    | Note
-------+----------+-------------------------------------------
     0 | Abyss:1  | Aneyh the Tengu Abyssal Knight began the quest for the Orb.
     0 | Abyss:1  | Reached XP level 1. HP: 14/14 MP: 3/3
    39 | Abyss:1  | Noticed a small abomination
    60 | Abyss:1  | Noticed a chaos spawn
    68 | Abyss:1  | Noticed a tentacled starspawn
    74 | D:1      | Escaped the Abyss
   392 | D:1      | Reached XP level 2. HP: 18/19 MP: 4/4
   464 | D:1      | Reached * piety under Lugonu
  1277 | D:1      | Reached XP level 3. HP: 5/23 MP: 5/5
  2213 | D:2      | You fall into a shaft and drop 1 floor!
  2231 | D:3      | Noticed Jessica
  2240 | D:3      | Killed Jessica
  2241 | D:3      | Reached XP level 4. HP: 15/28 MP: 6/6
  2566 | D:3      | Reached ** piety under Lugonu
  3265 | D:4      | Reached skill level 5 in Unarmed Combat
  3386 | D:4      | Noticed Pikel
  3386 | D:4      | Noticed a lemure
  3386 | D:4      | Noticed a lemure
  3387 | D:4      | Noticed a lemure
  3388 | D:4      | Noticed a lemure
  3401 | D:4      | Killed a lemure
  3404 | D:4      | Killed a lemure
  3406 | D:4      | Killed Pikel
  3407 | D:4      | Gained mutation: You can fly continuously. [Tengu growth]
  3407 | D:4      | Reached XP level 5. HP: 32/32 MP: 7/7
  3407 | D:4      | Reached XP level 6. HP: 37/37 MP: 8/8
  3407 | D:4      | Reached XP level 7. HP: 41/41 MP: 9/9
  3884 | D:4      | Noticed Grinder
  3979 | D:4      | HP: 2/41 [Grinder/nerve-wracking pain (8)]
  4387 | D:4      | Reached skill level 2 in Invocations
  4619 | D:4      | Reached skill level 3 in Invocations
  4636 | D:4      | Reached XP level 8. HP: 22/46 MP: 11/11
  4927 | D:5      | Entered Level 5 of the Dungeon
  5745 | D:5      | Reached skill level 4 in Invocations
  6139 | D:5      | Found a runed translucent door.
  6140 | D:5      | Noticed Crazy Yiuf
  6152 | D:5      | Killed Crazy Yiuf
  6450 | D:5      | Found a snail-covered altar of Cheibriados.
  6906 | D:6      | Reached skill level 1 in Bows
  7053 | D:6      | Reached skill level 5 in Invocations
  7187 | D:7      | Reached *** piety under Lugonu
  7236 | D:7      | Noticed Maggie
  7256 | D:7      | Banished Maggie
  7257 | D:7      | Reached skill level 7 in Invocations
  7262 | D:7      | Reached XP level 9. HP: 43/50 MP: 9/15
  7763 | D:6      | Reached skill level 8 in Invocations
  8445 | D:6      | Found a staircase to the Ecumenical Temple.
  8533 | D:6      | Noticed Edmund
  8545 | D:6      | Banished Edmund
  9068 | D:7      | Noticed an ice statue
  9081 | D:7      | Found a shadowy altar of Dithmenos.
  9092 | D:7      | Found an ornate altar of the Wu Jian Council.
  9092 | D:7      | Found a radiant altar of Vehumet.
  9331 | D:8      | Reached skill level 1 in Stealth
  9331 | D:8      | Reached skill level 9 in Invocations
  9738 | D:8      | Reached XP level 10. HP: 46/56 MP: 18/18
  9785 | D:8      | Noticed a two-headed ogre
  9791 | D:8      | Banished a two-headed ogre
  9792 | D:8      | Reached skill level 10 in Invocations
 11035 | D:9      | Reached skill level 5 in Bows
 11148 | D:9      | Found a shimmering altar of Xom.
 11339 | D:9      | Reached **** piety under Lugonu
 11405 | D:9      | Gained mutation: You are resistant to electric shocks.
                  | (rElec) [potion of mutation]
 11405 | D:9      | Gained mutation: You possess an exceptional clarity of
                  | mind. [potion of mutation]
 11406 | D:9      | Lost mutation: You possess an exceptional clarity of mind.
                  | [potion of mutation]
 11406 | D:9      | Gained mutation: You are frail. (-10% HP) [potion of
                  | mutation]
 11406 | D:9      | Gained mutation: You are covered in fur. (AC +1) [potion of
                  | mutation]
 11406 | D:9      | Gained mutation: Scrolls take you a little longer to read.
                  | [potion of mutation]
 11406 | D:9      | Gained mutation: Your flesh is heat resistant. (rF+)
                  | [potion of mutation]
 11648 | D:9      | Found a runed translucent door.
 12129 | D:9      | Found a staircase to the Orcish Mines.
 12211 | D:9      | Noticed a boulder beetle
 12259 | D:9      | Banished a boulder beetle
 12260 | D:9      | Reached skill level 5 in Stealth
 12344 | D:9      | Reached skill level 11 in Invocations
 12365 | D:9      | Noticed a deep elf pyromancer
 12367 | D:9      | Banished a deep elf pyromancer
 12368 | D:9      | Reached XP level 11. HP: 54/54 MP: 15/20
 12369 | D:9      | Noticed a boulder beetle
 12369 | D:9      | Noticed a wolf spider
 12370 | D:9      | Banished a wolf spider
 12373 | D:9      | Mangled by a boulder beetle

Illustrated notes

Levels and vault maps discovered:
D:1:      wander_arrival_fairy_ring, layout_basic, chequers_serial_rivers_marsh
D:2:      layout_basic
D:3:      layout_basic, uniq_jessica
D:4:      layout_basic, kennysheep_generic_room_16, uniq_pikel, uniq_grinder
D:5:      layout_cave_pools, basic_altar, amcnicky_mini_pool_small,
          minmay_misc_feat_tiny, kennysheep_generic_room_12,
          uniq_crazy_yiuf_cottage
D:6:      layout_rooms, minmay_temple_entry_hall, uniq_edmund
D:7:      lemuel_ice_statue, layout_loops_ring, minitemple, uniq_maggie
D:8:      layout_loops_corners, roderic_roman_lattice
D:9:      layout_roguey, nicolae_overflow_crystal_walls, erik_orc_1,
          minivault_13

Skill      XL: |  1  2  3  4  5  6  7  8  9 10 |
---------------+-------------------------------+-----
Unarmed Combat | 3 4 7 8 |  8.0
Dodging        | 3 4 |  4.0
Invocations    | 3 7 9 11 | 11.6
Bows           | 1 3 6 |  6.0
Stealth        | 1 5 |  5.0
Fighting       | |  3.0
Armour         | |  2.1

Action                   |  1- 3 |  4- 6 |  7- 9 | 10-12 || total
-------------------------+-------+-------+-------+-------++-------
Melee: Unarmed           |   106 |    39 |   202 |    27 ||   374
       Kick              |    16 |     6 |    87 |    33 ||   142
       Peck              |    14 |     4 |    45 |    21 ||    84
       Punch             |     1 |     1 |    10 |     5 ||    17
       Trident           |       |       |   155 |   156 ||   311
 Fire: Shortbow          |       |       |    35 |    30 ||    65
Throw: Dart              |       |       |    21 |       ||    21
       Boomerang         |       |       |    13 |     2 ||    15
Invok: Depart the Abyss  |     1 |       |       |       ||     1
       Bend Space        |       |     1 |     6 |     1 ||     8
       Banish            |       |       |     5 |    11 ||    16
 Abil: Fly               |       |       |     1 |       ||     1
Evoke: Wand              |       |     7 |     8 |       ||    15
  Use: Scroll            |       |       |     5 |     3 ||     8
       Potion            |       |       |       |     2 ||     2
 Stab: Sleeping          |     1 |       |     4 |     3 ||     8
       Confused          |       |       |       |     2 ||     2
Armor: Leather armour    |    21 |     6 |    80 |    72 ||   179
Dodge: Dodged            |    58 |    26 |   239 |   186 ||   509

Table legend: (Time is in decaauts)
 A = Elapsed time spent in this place.
 B = Non-inter-level travel time spent in this place.
 C = Inter-level travel time spent in this place.
 D = Time resting spent in this place.
 E = Time spent auto-exploring this place.
 F = Levels seen in this place.
 G = Mean time per level.
                   A        B        C        D        E       F      G
               +--------+--------+--------+--------+--------+-----+--------+
         Total |  12043 |  11857 |    186 |   4277 |   5489 |  10 | 1204.3 |
       Dungeon |  11965 |  11779 |    186 |   4277 |   5449 |   9 | 1329.4 |
         Abyss |     77 |     77 |      0 |      0 |     39 |   1 |   77.0 |
               +--------+--------+--------+--------+--------+-----+--------+

Top non-repeatable levels by time:
     D:4: 2105 daAuts
     D:9: 1873 daAuts
     D:1: 1511 daAuts
     D:6: 1364 daAuts
     D:3: 1252 daAuts
     D:5: 1214 daAuts
     D:8: 1180 daAuts
     D:7: 837 daAuts
     D:2: 625 daAuts
 Abyss:1: 77 daAuts
